 Dungeon Crawl Stone Soup version 0.20-a0-3-g334f831 (console) character file.

17996 brucemayne the Severer (level 12, -5/101 HPs)
             Began as a Hill Orc Monk on Oct 30, 2016.
             Was an Elder of Makhleb.
             Slain by an ettin
             ... wielding a +0 dire flail
              (8 damage)
             ... on level 1 of the Orcish Mines.
             The game lasted 00:40:02 (7733 turns).

brucemayne the Severer (Hill Orc Monk)              Turns: 7733, Time: 00:40:03

Health: -5/101     AC: 18    Str: 26    XL:     12   Next: 53%
Magic:  16/16      EV: 15    Int: 10    God:    Makhleb [****..]
Gold:   422        SH:  0    Dex: 16    Spells: 0 memorised, 11 levels left

rFire  + . .     SeeInvis .     V - +0 battleaxe
rCold  + . .     Gourm    .     D - +0 plate armour
rNeg   + + .     Faith    .     (shield currently unavailable)
rPois  +         Spirit   .     x - +0 helmet
rElec  .         Reflect  .     F - +0 cloak "Wawnotet" {rN++ MR-} (curse)
rCorr  .         Harm     .     p - +2 pair of gloves
MR     .....                    k - +0 pair of boots
Stlth  ..........               (no amulet)
                                O - +5 ring of dexterity
                                I - +3 ring of evasion

@: mighty, very slightly contaminated
A: clumsy 1, cold resistance 1, fire resistance 1, high mp 1, poison resistance,
screaming 1, strong 1
a: Minor Destruction, Lesser Servant of Makhleb, Major Destruction, Renounce
Religion, Convert to Beogh


You were on level 1 of the Orcish Mines.
You worshipped Makhleb.
Makhleb was greatly pleased with you.
You were not hungry.

You visited 3 branches of the dungeon, and saw 16 of its levels.
You also visited: Ossuary and Bailey.

You collected 1960 gold pieces.
You spent 1538 gold pieces at shops.

Inventory:

Hand Weapons
 e - a +1 hand axe of flaming
 j - the +5 hunting sling "Ciudil" {velocity, MR+, unknown}
   (You found it on level 13 of the Dungeon)

   Any stone fired from it inflicts extra damage.
   It affects your resistance to hostile enchantments.
 v - a +0 blowgun
 y - a +0 dire flail of protection
 V - a +0 battleaxe (weapon)
Missiles
 f - 39 poisoned needles
Armour
 k - a +0 pair of boots (worn)
 m - a +0 troll leather armour
 p - a +2 pair of gloves (worn)
 x - a +0 helmet (worn)
 D - a +0 plate armour (worn)
 F - the cursed +0 cloak "Wawnotet" (worn) {rN++ MR-}
   (You bought it in a shop on level 2 of the Orcish Mines)

   It greatly protects you from negative energy.
   It affects your resistance to hostile enchantments.
   It has a curse placed upon it.
Jewellery
 g - an uncursed ring of loudness
 I - a +3 ring of evasion (left hand)
 M - a +4 ring of dexterity
 O - a +5 ring of dexterity (right hand)
Wands
 h - a wand of acid (7/15)
 l - a wand of paralysis (5/24)
 q - a wand of paralysis (0/24)
 r - a wand of acid (3/15)
 T - a wand of flame (38/48)
 Y - a wand of paralysis (4/24)
 Z - a wand of heal wounds (0/9)
Scrolls
 a - a scroll of enchant weapon
 d - 2 scrolls of identify
 s - 6 scrolls of remove curse
 t - 3 scrolls of amnesia
 N - a scroll of fog
 R - a scroll of fear
 U - 2 scrolls of enchant armour
Potions
 o - 4 potions of flight
 u - 2 potions of lignification
 z - a potion of mutation
 A - a potion of resistance
 B - 2 potions of cure mutation
 C - a potion of brilliance
 E - a potion of curing
 G - 5 potions of haste
 H - 2 potions of might
 K - a potion of magic
Books
 w - a book of Minor Magic

   Spells                             Type                      Level
   a - Magic Dart                     Conjuration                  1
   b - Blink                          Translocation                2
   c - Call Imp                       Summoning                    2
   d - Repel Missiles                 Charms/Air                   2
   e - Slow                           Hexes                        2
   f - Conjure Flame                  Conjuration/Fire             3
   g - Mephitic Cloud                 Conjuration/Poison/Air       3
 Q - a book of Party Tricks

   Spells                             Type                      Level
   a - Summon Butterflies             Summoning                    1
   b - Apportation                    Translocation                1
   c - Lesser Beckoning               Translocation                3
   d - Tukima's Dance                 Hexes                        3
   e - Alistair's Intoxication        Transmutation/Poison         5
   f - Invisibility                   Hexes                        6
 W - a book of Power

   Spells                             Type                      Level
   a - Fulminant Prism                Conjuration/Hexes            4
   b - Iskenderun's Mystic Blast      Conjuration                  4
   c - Venom Bolt                     Conjuration/Poison           5
   d - Bolt of Magma                  Conjuration/Fire/Earth       5
   e - Iron Shot                      Conjuration/Earth            6
   f - Orb of Destruction             Conjuration                  7
   g - Spellforged Servitor           Conjuration/Summoning        7
Comestibles
 c - 8 bread rations
 J - a beef jerky
 S - 2 meat rations


   Skills:
 - Level 8.0 Fighting
 + Level 19.4 Axes
 - Level 3.2 Armour
 + Level 8.6 Dodging
 - Level 1.5 Stealth
 - Level 4.1 Invocations


You had 11 spell levels left.
You didn't know any spells.

Dungeon Overview and Level Annotations

Branches:
Dungeon (13/15)            Temple (1/1) D:6             Orc (2/2) D:11
    Elf (0/3) Orc:2
   Lair: D:8-11      Vaults: D:13-14

Altars:
Cheibriados
Dithmenos
Fedhas
Hepliaklqana
Kikubaaqudgha
Makhleb
Nemelex Xobeh
Qazlal
Trog
Uskayaw
Vehumet
Xom
The Shining One
Beogh

Shops:
D:4 :   D:10 }   Orc:2 [:!(

Annotations:
D:4 exclusion: 2 downstairs
D:5 Grinder, Menkaure
Orc:2 exclusion: upstairs


Innate Abilities, Weirdness & Mutations

You are clumsy. (Dex -2)
Your flesh is cold resistant. (rC+)
Your flesh is heat resistant. (rF+)
You have an increased reservoir of magic. (+10% MP)
Your system is resistant to poisons. (rPois)
You occasionally shout uncontrollably at your foes.
Your muscles are strong. (Str +2)


Message History

Your ufetubus hits the orc priest. x2
Your ynoxinul hits the ettin but does no damage.
The orc priest calls upon Beogh to heal the orc warrior.
The orc warrior's wounds heal themselves!
The orc priest calls upon Beogh to heal the orc priest.
The orc priest is healed somewhat.
Okay, then.
Okay, then.
You slash the ettin!
The ettin is heavily wounded.
The orc warrior hits your ufetubus with a hand axe!!
Your ufetubus dies!
The orc warrior misses your ynoxinul.
Your ynoxinul hits the ettin.
Your ufetubus hits the ettin but does no damage.
Your ufetubus barely misses the ettin.
The orc priest shouts, "Join the one true god or die!"
You slash the ettin!
The ettin is severely wounded.
The ettin hits you with a dire flail!
You die...

................#
#....
.................
##.#.
$.....).........
####
#.#.#o..)........
.......>)........
#.......o.)......
.......)3o.....#.
.........C.......
........@5.$.....
..#..#...$......#
. #.........##.##
##.......## ##
##..#..## #######


You could see an ettin, an orc warrior, 2 orc priests, a friendly ynoxinul and a
friendly ufetubus.

Vanquished Creatures
  An orc high priest (Orc:1)
  An unseen horror (D:10)
  2 hill giants (D:10)
  2 orc knights
  4 orc sorcerers (Orc:2)
  Maurice (D:10)
  4 trolls
  A two-headed ogre (D:10)
  Prince Ribbit (D:6)
  The ghost of RexLacerta the Charmwright, an amateur HaSk of Vehumet (Ossuary)
  Sigmund (D:6)
  Eustachio (D:5)
  A wyvern (D:11)
  Grum (D:11)
  2 vampire mosquitoes (D:11)
  Edmund (D:5)
  Duvessa (D:6)
  An ice beast (D:10)
  18 orc warriors
  A hornet zombie (Ossuary)
  3 sky beasts
  3 phantoms
  3 wolves (D:11)
  7 ogres
  2 centaurs (D:9)
  The ghost of removeelyvilon the Caller, an amateur DsSu (D:4)
  3 big kobolds
  Dowan (D:5)
  A bullfrog (D:9)
  A wyvern zombie (D:9)
  2 scorpions
  A wyvern skeleton (D:10)
  10 killer bees
  4 wights (D:10)
  2 howler monkeys
  5 centaur zombies
  5 crimson imps
  A quasit (D:11)
  4 bullfrog zombies
  3 hounds
  3 jellies
  5 orc priests
  2 bullfrog skeletons
  26 orc wizards
  An iguana (D:7)
  4 worker ants
  4 hound zombies
  12 mummies (Ossuary)
  4 worker ant zombies
  A howler monkey skeleton (D:7)
  6 gnolls
  6 adders
  2 shadow imps
  An ooze (D:2)
  2 adder zombies (Ossuary)
  An adder skeleton (D:5)
  A worm (D:4)
  A dart slug (D:4)
  5 leopard geckos
  53 orcs
  2 goblins (D:3)
  A hobgoblin (D:3)
  18 jackals
  16 kobolds
  4 quokkas
  A ball python (D:2)
  2 bats
  6 frilled lizards
  3 giant cockroach zombies (Ossuary)
  2 jackal zombies (Ossuary)
  A leopard gecko skeleton (D:6)
  A quokka zombie (Ossuary)
  5 rats
310 creatures vanquished.

Vanquished Creatures (collateral kills)
  Gastronok (D:10)
  Erolcha (Orc:2)
  A deep elf high priest (Orc:2)
  An ugly thing (D:11)
  5 orc sorcerers (Orc:2)
  A warg (Orc:2)
  2 orc warriors
  3 ogres (Orc:2)
  7 orc wizards (Orc:2)
  3 orc priests
  6 orcs
31 creatures vanquished.

Grand Total: 341 creatures vanquished

Notes
Turn   | Place    | Note
-------+----------+-------------------------------------------
     0 | D:1      | brucemayne the Hill Orc Monk began the quest for the Orb.
     0 | D:1      | Reached XP level 1. HP: 19/19 MP: 1/1
    96 | D:2      | Reached XP level 2. HP: 16/26 MP: 2/2
   285 | D:3      | Reached skill level 5 in Axes
   354 | D:3      | Reached XP level 3. HP: 22/31 MP: 3/3
   417 | D:4      | Found Publoiz's Book Shoppe.
   772 | D:3      | Reached skill level 6 in Axes
   887 | D:3      | Reached XP level 4. HP: 35/39 MP: 4/4
   944 | D:5      | Entered Level 5 of the Dungeon
   949 | D:5      | Noticed Menkaure
   949 | D:5      | Noticed Grinder
   951 | D:5      | Noticed Edmund
  1075 | D:4      | Noticed removeelyvilon's ghost (amateur DsSu)
  1126 | D:4      | Killed removeelyvilon's ghost
  1126 | D:4      | Reached skill level 7 in Axes
  1126 | D:4      | Reached XP level 5. HP: 41/45 MP: 5/5
  1140 | D:4      | Noticed an ogre
  1162 | D:3      | Reached skill level 8 in Axes
  1193 | D:4      | Killed an ogre
  1193 | D:4      | Reached XP level 6. HP: 33/51 MP: 6/6
  1215 | D:4      | Reached skill level 9 in Axes
  1525 | D:4      | Found a shadowy altar of Dithmenos.
  1720 | D:4      | Noticed a phantom
  1776 | D:4      | Reached skill level 10 in Axes
  1776 | D:4      | Reached XP level 7. HP: 45/57 MP: 7/7
  2057 | D:5      | Reached skill level 11 in Axes
  2262 | D:5      | Killed Edmund
  2262 | D:5      | Reached skill level 12 in Axes
  2262 | D:5      | Reached XP level 8. HP: 64/64 MP: 8/8
  2451 | D:6      | Noticed Prince Ribbit
  2465 | D:6      | Killed Prince Ribbit
  2465 | D:6      | Reached skill level 13 in Axes
  2468 | D:6      | Noticed Duvessa
  2470 | D:6      | Noticed Dowan
  2480 | D:6      | Noticed Eustachio
  2503 | D:5      | Killed Eustachio
  2517 | D:6      | Killed Duvessa
  2517 | D:6      | Reached skill level 14 in Axes
  2538 | D:6      | Noticed Sigmund
  2545 | D:5      | Killed Dowan
  2545 | D:5      | Reached XP level 9. HP: 12/70 MP: 9/9
  2552 | D:6      | Killed Sigmund
  2754 | D:7      | Gained mutation: Your muscles are strong. (Str +2) [mutagenic meat]
  2755 | D:7      | Gained mutation: You have an increased reservoir of magic. (+10% MP) [mutagenic meat]
  2756 | D:7      | Gained mutation: You occasionally shout uncontrollably at your foes. [mutagenic meat]
  2757 | D:7      | Gained mutation: Your flesh is heat resistant. (rF+) [mutagenic meat]
  2778 | D:6      | Found a staircase to the Ecumenical Temple.
  2785 | Temple   | Entered the Ecumenical Temple
  2797 | Temple   | Became a worshipper of Makhleb the Destroyer
  2797 | Temple   | Reached * piety under Makhleb
  2797 | Temple   | Reached ** piety under Makhleb
  3091 | D:7      | Reached skill level 1 in Armour
  3091 | D:7      | Reached skill level 1 in Invocations
  3143 | D:8      | Found a sand-covered staircase.
  3169 | Ossuary  | Entered an ossuary
  3343 | Ossuary  | Noticed RexLacerta's ghost (amateur HaSk)
  3380 | Ossuary  | Killed RexLacerta's ghost
  3420 | Ossuary  | Reached skill level 15 in Axes
  3445 | Ossuary  | Reached *** piety under Makhleb
  3545 | D:8      | Found a flagged portal.
  3553 | Bailey   | Entered a bailey
  3553 | Bailey   | Noticed an orc knight
  3553 | Bailey   | Noticed an orc knight
  3559 | Bailey   | Killed an orc knight
  3559 | Bailey   | Reached XP level 10. HP: 82/83 MP: 14/14
  3633 | Bailey   | Noticed an orc knight
  3652 | Bailey   | Noticed an orc knight
  3810 | D:9      | Reached skill level 16 in Axes
  3830 | D:9      | Found a shadowy altar of Dithmenos.
  4067 | D:10     | Entered Level 10 of the Dungeon
  4314 | D:9      | Reached **** piety under Makhleb
  4380 | D:10     | Found Riss's Gadget Shoppe.
  4563 | D:10     | Killed an unseen horror
  4627 | D:11     | Gained mutation: Your flesh is cold resistant. (rC+) [potion of mutation]
  4627 | D:11     | Gained mutation: You are clumsy. (Dex -2) [potion of mutation]
  4627 | D:11     | Gained mutation: Your system is resistant to poisons. (rPois) [potion of mutation]
  4660 | D:10     | Reached skill level 17 in Axes
  4662 | D:10     | Noticed a hill giant
  4673 | D:10     | Killed a hill giant
  4673 | D:10     | Reached XP level 11. HP: 45/94 MP: 15/15
  4813 | D:10     | Noticed Maurice
  4819 | D:10     | Killed Maurice
  4819 | D:10     | Reached skill level 5 in Dodging
  4820 | D:10     | Noticed a hill giant
  4825 | D:10     | Killed a hill giant
  4924 | D:11     | Noticed a cyan ugly thing
  4960 | D:10     | Noticed Gastronok
  4974 | D:10     | Killed Gastronok
  5148 | D:13     | Got a steaming hunting sling
  5185 | D:12     | Noticed a cyan ugly thing
  5289 | D:11     | Noticed a purple ugly thing
  5294 | D:11     | Reached skill level 18 in Axes
  5309 | D:11     | Killed a purple ugly thing
  5457 | D:11     | Noticed Grum
  5468 | D:11     | Killed Grum
  5629 | D:11     | Found a staircase to the Orcish Mines.
  5644 | Orc:1    | Entered Level 1 of the Orcish Mines
  5644 | Orc:1    | Noticed an orc high priest
  5850 | Orc:1    | Noticed a soul eater
  5861 | Orc:1    | Noticed a soul eater
  5864 | Orc:1    | Noticed a soul eater
  6580 | Orc:1    | Killed an orc high priest
  6580 | Orc:1    | Reached XP level 12. HP: 52/101 MP: 16/16
  6636 | Orc:2    | Entered Level 2 of the Orcish Mines
  6636 | Orc:2    | Found a staircase to the Elven Halls.
  6649 | Orc:2    | Noticed a deep elf high priest
  6761 | Orc:2    | Killed a deep elf high priest
  6804 | Orc:1    | Noticed an ettin
  7055 | Orc:2    | Paralysed by an orc sorcerer for 4 turns
  7056 | Orc:2    | Reached skill level 19 in Axes
  7059 | Orc:2    | Noticed Erolcha
  7061 | Orc:2    | Found a radiant altar of Vehumet.
  7063 | Orc:2    | Killed Erolcha
  7070 | Orc:2    | Found Telaej's Distillery.
  7111 | Orc:2    | Noticed a sun demon
  7161 | Orc:2    | Found Viumei Veewk's Antique Armour Boutique.
  7181 | Orc:2    | Found an ancient bone altar of Kikubaaqudgha.
  7208 | Orc:2    | Found a roughly hewn altar of Beogh.
  7208 | Orc:2    | Found Yheryomm's Book Shop.
  7229 | Orc:2    | Found Ponnuvvy's Antique Weapon Boutique.
  7263 | Orc:2    | Bought 2 potions of haste for 360 gold pieces
  7263 | Orc:2    | Bought a potion of heal wounds for 90 gold pieces
  7263 | Orc:2    | Bought a potion of resistance for 180 gold pieces
  7263 | Orc:2    | Bought 2 potions of might for 144 gold pieces
  7263 | Orc:2    | Bought a potion of might for 72 gold pieces
  7263 | Orc:2    | Bought a potion of haste for 180 gold pieces
  7263 | Orc:2    | Bought a potion of haste for 180 gold pieces
  7286 | Orc:2    | Bought a brightly glowing cloak for 332 gold pieces
  7291 | Orc:2    | Identified the cursed +0 cloak "Wawnotet" {rN++ MR-} (You bought it in a shop on level 2 of the Orcish Mines)
  7730 | Orc:1    | HP: 2/101 [ettin/dire flail (34)]
  7733 | Orc:1    | Slain by an ettin

Vault maps used:
D:1:      lemuel_arrival_rhombus, st_stairs_1
D:2:      lemuel_crystal_altar, minivault_5, minmay_goblin_outpost, uniq_natasha
D:3:      hangedman_ru_absence, first_bread
D:4:      minmay_diamond_boxcup, serial_shops, shop,
          nicolae_dithmenos_shadow_blocks
D:5:      nicolae_sextant, uniq_edmund, uniq_menkaure, uniq_grinder
D:6:      uniq_eustachio, uniq_duvessa, uniq_prince_ribbit1, uniq_sigmund
D:7:      grunt_ogre_cave
D:8:      enter_ossuary_1, enter_bailey_2, wad_floor_pattern_untrapped,
          uniq_joseph
D:9:      old_standard_altar
D:10:     erik_lair_dragon, serial_shops, shop, grunt_decor_fettered, eino_jars,
          uniq_maurice, uniq_gastronok
D:11:     david_orc_4, uniq_grum
D:12:     serial_shops, shop
D:13:     kennysheep_flooded_box
Temple:   hc_temple_tempest_star
Orc:1:    nicolae_orc_lava_room
Orc:2:    kennysheep_orc_mage_school
Ossuary:  ossuary_zaba_flooded
Bailey:   bailey_polearm_4, bailey

Skill      XL: |  1  2  3  4  5  6  7  8  9 10 11 12 |
---------------+-------------------------------------+-----
Axes           | 5 6 7 8 10 12 14 15 17 18 19 | 19.4
Armour         | 3 |  3.2
Invocations    | 4 |  4.1
Fighting       | 6 8 |  8.0
Dodging        | 4 7 8 |  8.6
Stealth        | |  1.5

Action                   |  1- 3 |  4- 6 |  7- 9 | 10-12 || total
-------------------------+-------+-------+-------+-------++-------
Melee: Hand axe          |    98 |   138 |   436 |   111 ||   783
       Battleaxe         |       |       |       |   471 ||   471
       War axe           |       |       |       |    11 ||    11
Invok: Lesser Servant of |       |       |       |    17 ||    17
Evoke: Wand              |       |     7 |    26 |    23 ||    56
  Use: Scroll            |     1 |     3 |     8 |    21 ||    33
       Potion            |       |     5 |       |    13 ||    18
 Stab: Paralysed         |       |     8 |    39 |     7 ||    54
       Distracted        |       |       |     1 |     3 ||     4
  Eat: Bread ration      |       |     1 |       |     1 ||     2
       Beef jerky        |       |       |     2 |     1 ||     3
       Chunk             |       |       |     6 |     6 ||    12
       Fruit             |       |       |     1 |     3 ||     4
Armor: Robe              |     5 |       |       |       ||     5
       Ring mail         |     4 |       |       |       ||     4
       Scale mail        |    31 |    96 |    34 |       ||   161
       Skin              |       |     2 |    10 |       ||    12
       Plate armour      |       |       |    98 |   289 ||   387
       Chain mail        |       |       |     6 |       ||     6
Dodge: Dodged            |    66 |    82 |    91 |   322 ||   561
